 Dungeon Crawl Stone Soup version 0.27-a0-906-g0a00ce863d (webtiles) character file.

Game seed: 9749964028780094175

58 pokeman the Magician (level 3, -1/20 HPs)
             Began as a Deep Elf Hedge Wizard on Apr 6, 2021.
             Slain by a hobgoblin (4 damage)
             ... on level 2 of the Dungeon.
             The game lasted 00:03:01 (2037 turns).

pokeman the Magician (Deep Elf Hedge Wizard)        Turns: 2037, Time: 00:03:02

Health: -1/20      AC:  3    Str:  7    XL:     3   Next: 75%
Magic:  1/11       EV: 12    Int: 19    God:
Gold:   71         SH:  0    Dex: 14    Spells: 1/12 levels left

rFire    . . .     SeeInvis .   b - +0 falchion (flame)
rCold    . . .     Faith    .   (no shield)
rNeg     . . .     Spirit   .   d - +0 leather armour
rPois    .         Reflect  .   c - +0 hat
rElec    .         Harm     .   (no cloak)
rCorr    .         Rampage  .   (no gloves)
Will     .....                  (no boots)
Stlth    ++........             (no amulet)
HPRegen  0.06/turn              (no ring)
MPRegen  0.12/turn              (no ring)

@: no status effects
A: no striking features
a: no special abilities


You were on level 2 of the Dungeon.
You visited 1 branch of the dungeon, and saw 2 of its levels.

You collected 71 gold pieces.

Inventory:

Hand Weapons
 b - a +0 falchion of flaming (weapon)
Armour
 c - a +0 hat (worn)
 d - a +0 leather armour (worn)
Scrolls
 e - a scroll of enchant armour {unknown}
 f - a scroll of identify {unknown}
 g - a scroll of torment {unknown}
Potions
 a - 4 potions of flight {unknown}
 h - a potion of ambrosia {unknown}


   Skills:
 - Level 1.0 Fighting
 - Level 1.0 Armour
 + Level 2.5 Dodging
 - Level 2.4 Stealth
 * Level 5.4 Spellcasting
 + Level 2.0 Conjurations
 - Level 1.1 Summonings
 - Level 1.1 Translocations
 + Level 0.0 Fire Magic


You had one spell level left.
You knew the following spells:

 Your Spells              Type           Power      Damage    Failure   Level
a - Magic Dart            Conj           48%        1d5       8%          1
b - Mephitic Cloud        Conj/Pois/Air  7%         N/A       36%         3
c - Call Imp              Summ           9%         N/A       17%         2
d - Blink                 Tloc           N/A        N/A       17%         2
e - Conjure Flame         Conj/Fire      8%         6-21      34%         3

Your spell library contained the following spells:

 Spells                   Type           Power      Damage    Failure   Level
 Slow                     Hex            5%         N/A       26%         2


Dungeon Overview and Level Annotations

Branches:
Dungeon (2/15)

Altars:


Message History

The jackal bites you but does no damage.
You enter the shallow water.
Moving in this stuff is going to be slow.
You feel sick.
You are no longer poisoned.
The jackal misses you.
You riposte.
You barely miss the jackal.
The jackal is lightly wounded.
The jackal barely misses you. The jackal bites you.
* * * LOW HITPOINT WARNING * * *
Casting: Magic Dart (safe; 8% risk of failure)
Confirm with . or Enter, or press ? or * to list all spells.
Aiming: Magic Dart (safe; 8% risk of failure)
Press: ? - help, Shift-Dir - straight line, f - jackal
Aim: a jackal (0% to evade)
The magic dart hits the jackal.
The jackal is moderately wounded.
The jackal bites you.
* * * LOW HITPOINT WARNING * * *
Casting: Magic Dart (safe; 8% risk of failure)
Confirm with . or Enter, or press ? or * to list all spells.
Aiming: Magic Dart (safe; 8% risk of failure)
Press: ? - help, Shift-Dir - straight line, f/p - jackal
Aim: a jackal (moderately wounded, 0% to evade)
The magic dart hits the jackal.
The jackal is severely wounded.
The jackal barely misses you. The jackal bites you.
* * * LOW HITPOINT WARNING * * *
You hit the jackal but do no damage.
The jackal is heavily wounded.
The jackal misses you.
You riposte.
You completely miss the jackal.
The jackal is heavily wounded.
Unknown command.
You hit the jackal but do no damage.
The jackal is moderately wounded.
The jackal bites you but does no damage.
You hit the jackal. You burn the jackal.
You kill the jackal!
The hobgoblin hits you.
You die...

#.≈.≈≈≈._.≈≈≈≈. ##..##
#..≈≈≈≈≈≈.≈≈≈.. #..##
#...≈≈≈≈≈≈≈≈≈..###.##
##≈.≈≈≈≈≈≈≈≈≈≈.##..#
#h≈≈≈≈≈≈≈≈≈≈.≈##.##
#≈≈.≈..≈≈.≈...##.# ##
#.≈.hh.≈..≈.≈≈#### #>
#####g#####...<.####'#
#@# #.....#≈≈≈)≈
#.#####.#####≈.≈≈≈
#..##.......#.....
##.##.#####.#.....
#....# #.#..... #.####
#.#..... ### #.......
########


You could see 2 jackals and a hobgoblin.

Vanquished Creatures
  2 adders (D:2)
  A dart slug (D:2)
  3 bats
  5 endoplasms
  2 giant cockroaches
  9 goblins
  5 hobgoblins (D:2)
  A jackal (D:2)
  A quokka (D:1)
  A ball python (D:2)
  A frilled lizard (D:2)
  2 kobolds
33 creatures vanquished.

Notes
Turn   | Place    | Note
-------+----------+-------------------------------------------
     0 | D:1      | pokeman the Deep Elf Hedge Wizard began the quest for the
                  | Orb.
     0 | D:1      | Reached XP level 1. HP: 10/10 MP: 7/7
   665 | D:1      | Reached XP level 2. HP: 16/16 MP: 4/9
   780 | D:1      | You fall into a shaft and drop 1 floor!
  1574 | D:2      | Reached skill level 5 in Spellcasting
  1582 | D:2      | Reached XP level 3. HP: 10/20 MP: 8/11
  1606 | D:1      | Learned a level 3 spell: Mephitic Cloud
  1609 | D:1      | Learned a level 2 spell: Call Imp
  1612 | D:1      | Learned a level 2 spell: Blink
  1616 | D:1      | Learned a level 3 spell: Conjure Flame
  1982 | D:2      | Found a faded altar of an unknown god.
  1997 | D:2      | Reached skill level 1 in Armour
  2027 | D:2      | Reached skill level 1 in Fighting
  2037 | D:2      | Slain by a hobgoblin

Illustrated notes

Levels and vault maps discovered:
D:1:      nzn_arrival_depleted_hourglass, layout_basic
D:2:      layout_rooms, chequers_ecumenical_altar_island, minmay_goblin_outpost

Skill      XL: |  1  2  3 |
---------------+----------+-----
Spellcasting   | 5 |  5.4
Armour         | 1 |  1.0
Fighting       | 1 |  1.0
Conjurations   | 2 |  2.0
Dodging        | |  2.5
Stealth        | |  2.4
Summonings     | |  1.1
Translocations | |  1.1

Action                   || total
-------------------------++-------
Melee: Dagger            ||     2
       Falchion          ||    33
 Cast: Magic Dart        ||    70
Armor: Leather armour    ||    19
Dodge: Dodged            ||    41
       Rpst.: Falchion   ||     8

Table legend: (Time is in decaauts)
 A = Elapsed time spent in this place.
 B = Non-inter-level travel time spent in this place.
 C = Inter-level travel time spent in this place.
 D = Time resting spent in this place.
 E = Time spent auto-exploring this place.
 F = Levels seen in this place.
 G = Mean time per level.
                   A        B        C        D        E       F      G
               +--------+--------+--------+--------+--------+-----+--------+
         Total |   2050 |   2012 |     38 |    226 |   1538 |   2 | 1025.0 |
       Dungeon |   2050 |   2012 |     38 |    226 |   1538 |   2 | 1025.0 |
               +--------+--------+--------+--------+--------+-----+--------+

Top non-repeatable levels by time:
     D:1: 1321 daAuts
     D:2: 728 daAuts
